 Dungeon Crawl Stone Soup version 0.30-a0-4-ga7cffc901d (webtiles) character file.

Game seed: 13362505098532941

46 greenreed the Conjurer (level 3, 0/26 HPs)
             Began as a Draconian Conjurer on Aug 22, 2022.
             Succumbed to Sigmund's poison
             ... on level 1 of the Dungeon.
             The game lasted 00:03:35 (2124 turns).

greenreed the Conjurer (Draconian Conjurer)         Turns: 2124, Time: 00:03:36

Health: 0/26       AC:  5    Str:  9    XL:     3   Next: 44%
Magic:  1/6        EV: 12    Int: 20    God:
Gold:   31         SH:  0    Dex:  9    Spells: 3/6 levels left

rFire   . . .      SeeInvis .    (no weapon)
rCold   . . .      Faith    .    (no shield)
rNeg    . . .      Spirit   .    (body armour unavailable)
rPois   .          Reflect  .    (helmet restricted)
rElec   .          Harm     .    (no cloak)
rCorr   .          Rampage  .    (no gloves)
Will    .....                    (no boots)
Stlth   ++........               (no amulet)
HPRegen 0.08/turn                (no ring)
MPRegen 0.10/turn                (no ring)

@: lethally poisoned (0 -> -18)
A: AC +5, unfitting armour, cold-blooded
a: no special abilities


You were on level 1 of the Dungeon.
You visited 1 branch of the dungeon, and saw 2 of its levels.

You collected 31 gold pieces.

Inventory:

Missiles
 e - 12 poisoned darts
Jewellery
 c - a ring of willpower
Scrolls
 b - 4 scrolls of identify {unknown}
 d - a scroll of teleportation {unknown}
Potions
 a - a potion of magic
 f - a potion of ambrosia {unknown}
 g - a potion of cancellation {unknown}
 h - a potion of haste {unknown}
 i - a potion of degeneration {unknown}


   Skills:
 + Level 0.1 Fighting
 + Level 2.0 Dodging
 + Level 1.9 Stealth
 + Level 0.1 Unarmed Combat
 + Level 2.3 Spellcasting
 + Level 4.8 Conjurations


You had 3 spell levels left.
You knew the following spells:

 Your Spells              Type           Power      Damage    Failure   Level
a - Magic Dart            Conj           84%        1d7       1%          1
b - Searing Ray           Conj           42%        2d6       3%          2

Your spell library contained the following spells:

 Spells                   Type           Power      Damage    Failure   Level
 Dazzling Flash           Conj/Hex       24%        N/A       17%         3
 Fulminant Prism          Conj/Hex       6%         3d7       50%         4
 Iskenderun's Mystic Bla  Conj/Tloc      12%        2d5       50%         4


Dungeon Overview and Level Annotations

Branches:
Dungeon (2/15)

Altars:

Annotations:
D:2 Sigmund


Innate Abilities, Weirdness & Mutations

Your plain brown scales are hard. (AC +5)
You cannot fit into any form of body armour.
You are cold-blooded and may be slowed by cold attacks.


Message History

The puff of flame hits you!
Sigmund points at you and mumbles some strange words.
You resist with significant effort.
There is a stone staircase leading up here.
You climb upwards.
There is a stone staircase leading down here.
You start resting.
Magic restored.
You start resting.
HP restored.
You can't go up here!
Memorise Searing Ray, consuming 2 spell levels and leaving 3?
You start memorising the spell.
You continue memorising. x2
You finish memorising.
Spell assigned to 'b'.
You climb downwards.
Level annotation: Sigmund
There is a stone staircase leading up here.
Casting: Magic Dart (safe; 1% risk of failure)
Confirm with . or Enter, or press ? or * to list all spells.
Aiming: Searing Ray (safe; 3% risk of failure)
Press: ? - help, Shift-Dir - straight line, f - Sigmund
Aim: Sigmund, wielding a +4 scythe of venom and wearing a +0 robe (75% to hit)
The searing ray hits Sigmund.
Sigmund is moderately wounded. (Press . to maintain the ray.) Sigmund casts a spell.
Sigmund flickers and vanishes!
Deactivating autopickup; reactivate with Ctrl-A.
The searing ray hits something!
Something hits you!
The searing ray hits something.
You finish channelling your searing ray.
Casting: Searing Ray (safe; 3% risk of failure)
Confirm with . or Enter, or press ? or * to list all spells.
Okay, then.
Something hits you!
* * * LOW HITPOINT WARNING * * *
You are lethally poisoned!
You climb upwards.
Reactivating autopickup.
You die...

.#
######.#PP♣♣....P....#
.# #.##.♣♣P....##.##
.# #.##P.P.P.#....# .#
##♣#♣.♣#..P.#.#.####
.# #.....##.##...#.#
.# #.♣#♣.♣#.####.#.#
.# #.....##.# #.#.# .#
###.♣.♣#.####.#.#
.######...##.)..@...#
.........########.###
.######### #.# .# #.#
.################.#
..................#
################### #
#


There were no monsters in sight!

Vanquished Creatures
  An adder (D:2)
  2 dart slugs (D:1)
  5 ball pythons
  An endoplasm (D:2)
  2 giant cockroaches
  3 goblins (D:1)
  3 hobgoblins
  3 jackals (D:1)
  2 quokkas (D:1)
  3 bats (D:2)
  A frilled lizard (D:2)
  A kobold (D:1)
  4 rats
31 creatures vanquished.

Notes
Turn   | Place    | Note
-------+----------+-------------------------------------------
     0 | D:1      | greenreed the Draconian Conjurer began the quest for the
                  | Orb.
     0 | D:1      | Reached XP level 1. HP: 14/14 MP: 3/3
   274 | D:1      | Reached XP level 2. HP: 20/20 MP: 0/5
   513 | D:1      | Found a faded altar of an unknown god.
  1457 | D:2      | Reached XP level 3. HP: 26/26 MP: 3/6
  1889 | D:2      | Noticed Sigmund
  2117 | D:1      | Learned a level 2 spell: Searing Ray
  2124 | D:1      | Succumbed to Sigmund's poison

Illustrated notes

Levels and vault maps discovered:
D:1:      minmay_arrival_four_circles, layout_loops_ring, serial_forest,
          infiniplex_forest_clump_tiny, infiniplex_forest_clump_medium,
          infiniplex_forest_clump_double, infiniplex_forest_clump_C,
          infiniplex_forest_lined_room_2, infiniplex_forest_lined_corner,
          hellmonk_ecumenical_altar_blasted
D:2:      layout_loops_ring, serial_glass, glass_columns_c, glass_columns_c,
          uniq_sigmund

Skill      XL: |  1  2  3 |
---------------+----------+-----
Dodging        | 2 |  2.0
Fighting       | |  0.1
Stealth        | |  1.9
Unarmed Combat | |  0.1
Spellcasting   | |  2.3
Conjurations   | |  4.8

Action                   || total
-------------------------++-------
Melee: Unarmed           ||    31
       Tailslap          ||     4
 Cast: Magic Dart        ||    61
       Searing Ray       ||     1
Armor: Skin              ||    19
Dodge: Dodged            ||    22

Table legend: (Time is in decaauts)
 A = Elapsed time spent in this place.
 B = Non-inter-level travel time spent in this place.
 C = Inter-level travel time spent in this place.
 D = Time resting spent in this place.
 E = Time spent auto-exploring this place.
 F = Levels seen in this place.
 G = Mean time per level.
                   A        B        C        D        E       F      G
               +--------+--------+--------+--------+--------+-----+--------+
         Total |   2124 |   2076 |     48 |    195 |   1686 |   2 | 1062.0 |
       Dungeon |   2124 |   2076 |     48 |    195 |   1686 |   2 | 1062.0 |
               +--------+--------+--------+--------+--------+-----+--------+

Top non-repeatable levels by time:
     D:1: 1612 daAuts
     D:2: 512 daAuts
